 Dungeon Crawl Stone Soup version 0.19-GnollCrawlA-1-g03664ee (webtiles) character file.

91692 PurpleRed the Skirmisher (level 1, -6/19 HPs)
             Began as a Minotaur Berserker on Sept 1, 2016.
             Was the Champion of Trog.
             Mangled by a gnoll
             ... wielding a +0 whip of electrocution
              (17 damage)
             ... in Pandemonium.
             The game lasted 01:44:27 (22859 turns).

PurpleRed the Skirmisher (Minotaur Berserker)      Turns: 22859, Time: 01:44:28

Health: -6/19      AC: 35    Str: 21    XL:     1   Next: 0%
Magic:  0/0        EV: 14    Int:  4    God:    Trog [******]
Gold:   2854       SH:  6    Dex: 16    Spells: 0 memorised, 0 levels left

rFire  . . .     SeeInvis +     a - +5 rapier (protect)
rCold  + . .     Gourm    .     G - +7 pearl dragon armour of Focus {+Blink rN+ Regen+ Dex+7}
rNeg   + . .     Faith    .     o - +3 buckler {rPois}
rPois  +         Spirit   .     (helmet restricted)
rElec  .         Dismiss  .     q - +2 cloak
rCorr  .         Reflect  .     v - +2 pair of gloves
SustAt .         Harm     .     d - +2 pair of boots
MR     .....                    h - amulet of regeneration
Stlth  ..........               C - +3 ring of protection
                                D - ring "Poiliec" {+Fly rC+ MR- EV+4 SInv}

@:
A: retaliatory headbutt, horns 2
a: Berserk, Trog's Hand, Brothers in Arms, Burn Spellbooks, Renounce Religion,
Evoke Blink, Evoke Flight
}: 5/15 runes: silver, golden, demonic, magical, dark


You were in Pandemonium.
You worshipped Trog.
Trog was exalted by your worship.
You were very full.

You visited 8 branches of the dungeon, and saw 38 of its levels.
You visited Pandemonium 2 times, and saw 12 of its levels.

You collected 7610 gold pieces.
You spent 4756 gold pieces at shops.

Inventory:

Hand Weapons
 a - a +5 rapier of protection (weapon)
 b - the +10 hand crossbow of Fighting Over It {venom, Str+3}
   (You bought it in a shop on level 1 of the Elven Halls)

   It poisons the ammo it fires.
   It affects your strength (+3).
 E - a +6 quick blade of venom
 M - the +5 spear of War {pierce, *Corrode rElec rC++ MR+}
   (You found it in Pandemonium)

   It inflicts extra damage upon your enemies.
   It greatly protects you from cold.
   It insulates you from electricity.
   It affects your resistance to hostile enchantments.
   It may corrode you when you take damage.
Missiles
 e - 286 bolts
Armour
 d - a +2 pair of boots (worn)
 o - a +3 buckler of poison resistance (worn)
 q - a +2 cloak (worn)
 v - a +2 pair of gloves (worn)
 G - the +7 pearl dragon armour of Focus (worn) {+Blink rN+ Regen+ Dex+7}
   (You bought it in a shop on level 1 of the Depths)

   It affects your dexterity (+7).
   It protects you from negative energy.
   It lets you blink.
   It increases your rate of regeneration.
Jewellery
 h - an amulet of regeneration (around neck)
 p - the ring "Ciucareps" {rF+ Str+3}
   (You found it on level 3 of the Tomb of the Ancients)

   [ring of strength]

   It affects your strength (+3).
   It protects you from fire.
 C - a +3 ring of protection (right hand)
 D - the ring "Poiliec" (left hand) {+Fly rC+ MR- EV+4 SInv}
   (You found it on level 3 of the Elven Halls)

   [ring of evasion]

   It affects your evasion (+4).
   It protects you from cold.
   It affects your resistance to hostile enchantments.
   It lets you see invisible.
   It lets you fly.
 L - an uncursed amulet of guardian spirit
 P - the amulet of Perfectionism {Reflect rF++ SH+3}
   (You found it in Pandemonium)

   [amulet of reflection]

   It shields you and reflects attacks.
   It greatly protects you from fire.
   It affects your SH (+3).
 X - the ring of Jounequh {*Drain rF- rC+++ rN+ Int+9}
   (You found it on level 3 of the Crypt)

   [ring of positive energy]

   It affects your intelligence (+9).
   It makes you vulnerable to fire.
   It renders you almost immune to cold.
   It protects you from negative energy.
   It causes draining when unequipped.
 Z - the ring "Lixylip" {rC+ rN+ MR+}
   (You found it on level 3 of the Crypt)

   [ring of positive energy]

   It protects you from cold.
   It protects you from negative energy.
   It affects your resistance to hostile enchantments.
Wands
 j - a wand of disintegration (7/24)
 n - a wand of disintegration (12/24)
 t - a wand of lightning (4/15)
 I - a wand of paralysis (9/24)
 O - a wand of iceblast (10/15)
 U - a wand of iceblast (2/15)
 V - a wand of teleportation (4/9)
Scrolls
 c - 6 scrolls of blinking
 f - 5 scrolls of magic mapping
 l - 4 scrolls of identify
 m - 14 scrolls of teleportation
 w - 3 scrolls of immolation
 K - 3 scrolls of enchant armour
 N - 7 scrolls of remove curse
 Q - 5 scrolls of recharging
 R - a scroll of fear
Potions
 g - 3 potions of flight
 i - 5 potions of invisibility
 k - 7 potions of might
 r - 3 potions of resistance
 s - 17 potions of curing
 x - 5 potions of haste
 z - 6 potions of cure mutation
 A - 15 potions of heal wounds
 B - 2 potions of ambrosia
 H - 4 potions of magic
 S - 2 potions of agility
 Y - 2 potions of cancellation
Miscellaneous
 u - a phial of floods
 y - a lamp of fire
 F - 7 phantom mirrors
 J - a fan of gales
 T - 3 sacks of spiders


   Skills:
 + Level 3.6 Fighting
 + Level 3.2 Short Blades
 + Level 2.4 Armour
 + Level 2.1 Dodging


You couldn't memorise any spells.
You didn't know any spells.

Dungeon Overview and Level Annotations

Branches:
Dungeon (15/15)              Lair (2/6) D:10            Orc (2/2) D:10
    Elf (3/3) Orc:2        Vaults (5/5) D:13          Crypt (3/3) Vaults:3
   Tomb (3/3) Crypt:3      Depths (5/5) D:15            Zot (0/5) Depths:5
 Temple: D:1-2        Swamp: Lair:2-4    Shoals: Lair:2-4     Snake: Lair:2-4
 Spider: Lair:2-4

Altars:
Dithmenos
Elyvilon
Qazlal
Ru
Yredelemnul
Zin
Beogh

Shops:
D:5 :   D:9 %   D:14 (:*[   Orc:2 [%!*   Elf:1 %(:(   Elf:3 =   Vaults:5 }%
Depths:1 *   Depths:2 !(   Depths:5 :=?

Portals:
Hell: Depths:1 Depths:2 Depths:3 Depths:4 Depths:5
Abyss: Depths:4
Pandemonium: Depths:3 Depths:4
Ziggurat: Depths:2

Annotations:
Elf:2 5 runed doors


Innate Abilities, Weirdness & Mutations

You reflexively headbutt those who attack you in melee.
You have a pair of horns on your head.


Message History

You kill the gnoll!
Trog accepts your kill.
Found a scroll of identify.
You see here a whip.
The gnoll hits you but does no damage.
You barely miss the gnoll.
The gnoll hits you but does no damage. x2
You hit the gnoll.
The gnoll is moderately wounded.
The gnoll hits you but does no damage. x2
You closely miss the gnoll.
The gnoll is moderately wounded.
The gnoll gnolls you. The gnoll hits you but does no damage.
You are electrocuted!
Gnoll barely miss the gnoll.
You headbutt the gnoll.
The gnoll is almost dead.
The gnoll hits you but does no damage.
The gnoll hits you but does gnoll damage.
Gnoll are electrocuted!
Ouch! That really hurt!
You die...

........
#.#########.......
#.#.......#.......
#.#.......#....... .
#.#.......#.......
..#####.+...... #.......
........##.∩#####)).....
...............)))###'#.
.....g.@)......^))# .#
.?....g.)....)....# .#
..............)...+ .#
..................# ##
...########.......... ..
#........... .
#.......#### ##......#
#......#


You could see 2 gnolls.

Vanquished Creatures
  7 gnoll sergeants (Vaults:5)
  601 gnolls
  43 gnoll zombies
  21 gnoll simulacra
  138 gnoll skeletons
  A plant (Depths:4)
811 creatures vanquished.

Vanquished Creatures (collateral kills)
  3 gnoll sergeants (Vaults:5)
  5 gnolls (Vaults:5)
  3 gnoll simulacra (Tomb:3)
  12 gnoll skeletons (Tomb:3)
  4 gnoll zombies (Tomb:3)
27 creatures vanquished.

Vanquished Creatures (others)
  A gnoll skeleton (Tomb:2)
  A gnoll zombie (Tomb:2)
2 creatures vanquished.

Grand Total: 840 creatures vanquished

Notes
Turn   | Place    | Note
-------+----------+-------------------------------------------
     0 | D:1      | PurpleRed the Minotaur Berserker began the quest for the Orb.
     0 | D:1      | Reached XP level 1. HP: 19/19 MP: 0/0
   174 | D:2      | Found a sacrificial altar of Ru.
   800 | D:5      | Entered Level 5 of the Dungeon
  1125 | D:5      | Found Mucve's Book Shoppe.
  1303 | D:5      | Reached ** piety under Trog
  1304 | D:5      | Found a basalt altar of Yredelemnul.
  1795 | D:6      | Found a stormy altar of Qazlal.
  1985 | D:7      | Found a stormy altar of Qazlal.
  2019 | D:7      | Found a shadowy altar of Dithmenos.
  2032 | D:7      | Found a white marble altar of Elyvilon.
  2657 | D:8      | Found a glowing silver altar of Zin.
  2980 | D:9      | Found Telor's Food Emporium.
  2991 | D:10     | Entered Level 10 of the Dungeon
  3042 | D:10     | Found a staircase to the Lair.
  3131 | D:10     | Found a staircase to the Orcish Mines.
  3154 | Orc:1    | Entered Level 1 of the Orcish Mines
  3348 | Orc:2    | Entered Level 2 of the Orcish Mines
  3431 | Orc:2    | Found Sefruluh's Antique Armour Emporium.
  3443 | Orc:2    | Bought a diamond-encrusted chain mail for 247 gold pieces
  3453 | Orc:2    | Identified the +12 chain mail "Zishist" {MR+ Int+4 Dex+3} (You bought it in a shop on level 2 of the Orcish Mines)
  3464 | Orc:2    | Found a roughly hewn altar of Beogh.
  3541 | Orc:2    | Found Plog's Food Shoppe.
  3543 | Orc:2    | Reached *** piety under Trog
  4007 | Orc:2    | Found Cukhlydaed's Distillery.
  4056 | Orc:2    | Found a roughly hewn altar of Beogh.
  4074 | Orc:2    | Found Datwaph's General Store.
  4180 | Orc:2    | Found a staircase to the Elven Halls.
  4444 | Elf:1    | Entered Level 1 of the Elven Halls
  4444 | Elf:1    | Found Vetomete's Food Boutique.
  4461 | Elf:1    | Found Tyacreq's Antique Weapon Shoppe.
  4469 | Elf:1    | Bought a slimy hand crossbow for 263 gold pieces
  4469 | Elf:1    | Identified the +10 hand crossbow of Fighting Over It {venom, Str+3} (You bought it in a shop on level 1 of the Elven Halls)
  4666 | Elf:1    | Found Eneamoha's Weapon Boutique.
  4670 | Elf:1    | Found Meir's Book Shop.
  5000 | Elf:2    | Reached **** piety under Trog
  5278 | Elf:2    | Got an ichor-stained trident
  5286 | Elf:2    | Identified the +10 trident of Namnetuh {flame, MR+ SInv} (You found it on level 2 of the Elven Halls)
  5383 | Elf:2    | Found a huge runed gate.
  5383 | Elf:2    | Found a huge runed gate.
  5383 | Elf:2    | Found a huge runed gate.
  5383 | Elf:2    | Found a huge runed gate.
  5385 | Elf:2    | Found a huge runed gate.
  5415 | Elf:3    | Entered Level 3 of the Elven Halls
  5525 | Elf:3    | Found Ahim's Jewellery Emporium.
  6111 | Elf:3    | Got a translucent jade ring
  6119 | Elf:3    | Got a transparent silver amulet
  6235 | Elf:3    | Got a pitted diamond amulet
  6239 | Elf:3    | Got a fine morningstar
  6263 | Elf:3    | Identified the amulet "Peoleor" {+Rage rF- Str+9} (You found it on level 3 of the Elven Halls)
  6267 | Elf:3    | Identified the amulet "Mimesaaq" {RegenMP *Drain rPois rC+} (You found it on level 3 of the Elven Halls)
  6283 | Elf:3    | Identified the ring "Poiliec" {+Fly rC+ MR- EV+4 SInv} (You found it on level 3 of the Elven Halls)
  6582 | Lair:1   | Entered Level 1 of the Lair of Beasts
  7289 | D:13     | Got a scorched hand axe
  7290 | D:13     | Identified the cursed +3 hand axe of Battle {chop, Int-2 Dex+5} (You found it on level 13 of the Dungeon)
  7292 | D:13     | Identified the cursed +0 morningstar of Cheese {crush, rN+} (You found it on level 3 of the Elven Halls)
  7353 | D:13     | Got a bloodstained chain mail
  7480 | D:13     | Found a gate to the Vaults.
  7503 | Vaults:1 | Entered Level 1 of the Vaults
  8755 | Vaults:3 | Found a staircase to the Crypt.
  8773 | Crypt:1  | Entered Level 1 of the Crypt
  8823 | Crypt:3  | Entered Level 3 of the Crypt
  8852 | Crypt:3  | Found a staircase to the Tomb.
  9083 | Crypt:3  | Identified the +1 chain mail of Precision Catastrophes {Str+4} (You found it on level 13 of the Dungeon)
  9481 | Crypt:3  | Got a vibrating bronze ring
  9481 | Crypt:3  | Got a transparent lapis lazuli ring
  9593 | Crypt:3  | Reached ***** piety under Trog
  9756 | Tomb:1   | Entered Level 1 of the Tomb of the Ancients
 10417 | Tomb:3   | Entered Level 3 of the Tomb of the Ancients
 10561 | Tomb:3   | Got a crude ivory ring
 10563 | Tomb:3   | Identified the ring "Ciucareps" {rF+ Str+3} (You found it on level 3 of the Tomb of the Ancients)
 10565 | Tomb:3   | Identified the ring of Jounequh {*Drain rF- rC+++ rN+ Int+9} (You found it on level 3 of the Crypt)
 10567 | Tomb:3   | Identified the ring "Lixylip" {rC+ rN+ MR+} (You found it on level 3 of the Crypt)
 10579 | Tomb:3   | Got a golden rune of Zot
 11935 | Vaults:5 | Entered Level 5 of the Vaults
 11935 | Vaults:5 | Noticed a gnoll sergeant
 11935 | Vaults:5 | Noticed a gnoll sergeant
 11935 | Vaults:5 | Noticed a gnoll sergeant
 11935 | Vaults:5 | Noticed a gnoll sergeant
 11935 | Vaults:5 | Noticed a gnoll sergeant
 11935 | Vaults:5 | Noticed a gnoll sergeant
 11935 | Vaults:5 | Noticed a gnoll sergeant
 11935 | Vaults:5 | Noticed a gnoll sergeant
 11935 | Vaults:5 | Noticed a gnoll sergeant
 11935 | Vaults:5 | Noticed a gnoll sergeant
 11954 | Vaults:5 | Killed a gnoll sergeant
 11954 | Vaults:5 | Killed a gnoll sergeant
 11955 | Vaults:5 | Killed a gnoll sergeant
 11956 | Vaults:5 | Killed a gnoll sergeant
 11956 | Vaults:5 | Killed a gnoll sergeant
 11957 | Vaults:5 | Killed a gnoll sergeant
 11958 | Vaults:5 | Killed a gnoll sergeant
 11960 | Vaults:5 | Killed a gnoll sergeant
 11964 | Vaults:5 | Killed a gnoll sergeant
 11968 | Vaults:5 | Killed a gnoll sergeant
 12359 | Vaults:5 | Found Kupleukh's Food Emporium.
 12417 | Vaults:5 | Received a gift from Trog
 12418 | Vaults:5 | Got an iridescent arbalest {god gift}
 13017 | Vaults:5 | Identified the +9 arbalest of Punishment {penet, Int+5} (Trog gifted it to you on level 5 of the Vaults)
 13215 | Vaults:5 | Found Tyonuux's Gadget Emporium.
 13355 | Vaults:5 | Got a silver rune of Zot
 13690 | D:14     | Found Fokk's Book Shop.
 13765 | D:14     | Found Urusorag's Antique Weapon Boutique.
 13977 | D:14     | Found Toigeyv's Antique Armour Shoppe.
 13998 | D:14     | Received a gift from Trog
 14017 | D:14     | Bought a fine chain mail for 199 gold pieces
 14030 | D:14     | Identified the +1 chain mail of the Great Game {Dex+6 Stlth+} (You bought it in a shop on level 14 of the Dungeon)
 14218 | D:14     | Found Fuysodau's Assorted Antiques.
 14241 | D:14     | Bought a pair of glowing boots for 117 gold pieces
 14252 | D:14     | Bought an ivory wand for 104 gold pieces
 14253 | D:14     | Bought a gold wand for 104 gold pieces
 14460 | D:15     | Entered Level 15 of the Dungeon
 14548 | D:15     | Got a distressingly furry ring mail
 14566 | D:15     | Identified the cursed +0 ring mail of Cheibriados {rF- Str+2 Int+8} (You found it on level 15 of the Dungeon)
 14914 | D:15     | Found a staircase to the Depths.
 15064 | Depths:1 | Entered Level 1 of the Depths
 15104 | Depths:1 | Found a gateway to Hell.
 15114 | Depths:1 | Reached ****** piety under Trog
 15478 | Depths:1 | Found Pyfaabbi's Practical Paraphernalia.
 15492 | Depths:1 | Bought the +7 pearl dragon armour of Focus {+Blink rN+ Regen+ Dex+7} for 3075 gold pieces
 16179 | Depths:2 | Found a gateway to a ziggurat.
 16448 | Depths:2 | Found Ompuyc's Weapon Emporium.
 16448 | Depths:2 | Found Furamuiv's Distillery.
 16462 | Depths:2 | Bought a potion of curing for 63 gold pieces
 16462 | Depths:2 | Bought a potion of haste for 210 gold pieces
 17258 | Depths:3 | Received a gift from Trog
 17420 | Depths:3 | Found a one-way gate leading to the halls of Pandemonium.
 17911 | Depths:4 | Found a one-way gate to the infinite horrors of the Abyss.
 18012 | Depths:4 | Got a bloodstained rapier
 18037 | Depths:3 | Identified the cursed +0 rapier of Purpose {vamp, rF+ SInv} (You found it on level 4 of the Depths)
 18411 | Depths:5 | Entered Level 5 of the Depths
 18503 | Depths:5 | Found a gate to the Realm of Zot.
 18881 | Depths:5 | Found Qankumm's Magic Scroll Boutique.
 18883 | Depths:5 | Found Zujynol's Jewellery Shop.
 18885 | Depths:5 | Found Olasuol's Book Boutique.
 18893 | Depths:5 | Bought a scroll of identify for 44 gold pieces
 18893 | Depths:5 | Bought a scroll of enchant armour for 165 gold pieces
 18893 | Depths:5 | Bought a scroll of enchant armour for 165 gold pieces
 19084 | Pan      | Entered Pandemonium
 19350 | Pan      | Received a gift from Trog
 19445 | Pan      | Found an exit through the horrors of the Abyss.
 19452 | Depths:4 | Escaped Pandemonium
 19461 | Pan      | Entered Pandemonium
 19656 | Pan      | Found an exit through the horrors of the Abyss.
 19779 | Pan      | Got a demonic rune of Zot
 19782 | Pan      | Got a flickering bone amulet
 19783 | Pan      | Identified the amulet of Perfectionism {Reflect rF++ SH+3} (You found it in Pandemonium)
 20145 | Pan      | Entered the realm of Lom Lobon.
 20165 | Pan      | Found an exit through the horrors of the Abyss.
 20666 | Pan      | Got a magical rune of Zot
 20824 | Pan      | Found a glowing silver altar of Zin.
 20960 | Pan      | Found a glowing golden altar of the Shining One.
 20990 | Pan      | Got a wavering pewter ring
 20991 | Pan      | Identified the ring "Obregej" {Ice +Blink MR+ Stlth+} (You found it in Pandemonium)
 20996 | Pan      | Got a fine war axe
 20997 | Pan      | Identified the +3 war axe of Ruination {speed, Dex+5 Stlth+} (You found it in Pandemonium)
 21003 | Pan      | Got an ancient spear
 21004 | Pan      | Identified the +5 spear of War {pierce, *Corrode rElec rC++ MR+} (You found it in Pandemonium)
 21010 | Pan      | Identified the amulet "Unauf" {Harm *Drain Int+3} (You found it in Pandemonium)
 21025 | Pan      | Got a smoking chain mail
 21036 | Pan      | Identified the +8 chain mail of the Dolphin {*Confuse rPois rN+++ MR-} (You found it in Pandemonium)
 21914 | Pan      | Received a gift from Trog
 22047 | Pan      | Found a white marble altar of Elyvilon.
 22419 | Pan      | Found an exit through the horrors of the Abyss.
 22581 | Pan      | Found a runed door.
 22605 | Pan      | Entered the realm of Gloorx Vloq.
 22701 | Pan      | Got a dark rune of Zot
 22800 | Pan      | Found an exit through the horrors of the Abyss.
 22811 | Pan      | Received a gift from Trog
 22859 | Pan      | Mangled by a gnoll

Action                   || total
-------------------------++-------
Melee: Rapier            ||  1825
       Headbutt          ||   407
       Short sword       ||    74
       Quick blade       ||    68
       Trident           ||    11
 Fire: Hand crossbow     ||    10
Invok: Berserk           ||    40
       Burn Spellbooks   ||    20
       Brothers in Arms  ||     2
Evoke: Wand              ||    12
       Sack of spiders   ||     5
       Phial of floods   ||     1
  Use: Scroll            ||    54
       Potion            ||    16
 Stab: Sleeping          ||     1
  Eat: Meat ration       ||     1
Armor: Chain mail        ||   604
       Pearl dragon armo ||   237
       Leather armour    ||    10
Dodge: Dodged            ||   808
Block: Shield            ||   319
       Buckler           ||   207
